| TOP OF THE 1ST |
|
Niagara Falls Phantoms batting - Pitching for Canton Indians : RHP John Bychyk
|
|
Pitching: RHP John Bychyk
|
|
|
Batting: LHB Luis Ponce
|
0-0: Ball 1-0: DOUBLE (Flyball, 89D, EV 98.8 MPH)
|
|
Batting: RHB Jose Villanueva
|
0-0: Ball 1-0: Swinging Strike 1-1: Ground out 5-3 (Groundball, 56S, EV 82.5 MPH)
|
|
Batting: LHB Victor Reyna
|
0-0: Ball 1-0: Called Strike 1-1: Ball 2-1: Foul Ball, location: 2F 2-2: Foul Ball, location: 2F 2-2: Strikes out looking
|
|
Batting: RHB Scott Cuff
|
0-0: Fly out, F8 (Flyball, 8LD, EV 86.9 MPH)
|
| Top of the 1st over - 0 runs, 1 hit, 0 errors, 1 left on base; Niagara Falls 0 - Canton 0 |
| BOTTOM OF THE 1ST |
|
Canton Indians batting - Pitching for Niagara Falls Phantoms : LHP Allen Reisinger
|
|
Pitching: LHP Allen Reisinger
|
|
|
Batting: RHB Xavier Bartolani
|
0-0: Ball 1-0: Ball 2-0: Swinging Strike 2-1: Foul Ball, location: 2F 2-2: Strikes out swinging
|
|
Batting: RHB Willie Toral
|
0-0: Called Strike 0-1: Foul Ball, location: 2F 0-2: Ball 1-2: Foul Ball, location: 2F 1-2: Foul Ball, location: 2F 1-2: Ground out 1-3 (Groundball, 13S, EV 65.6 MPH)
|
|
Batting: RHB Rob Marti
|
0-0: Ball 1-0: Ground out 6-3 (Groundball, 6, EV 88.8 MPH)
|
| Bottom of the 1st over - 0 runs, 0 hits, 0 errors, 0 left on base; Niagara Falls 0 - Canton 0 |
| TOP OF THE 2ND |
|
Niagara Falls Phantoms batting - Pitching for Canton Indians : RHP John Bychyk
|
|
Batting: LHB Dave Ortiz
|
0-0: Foul Ball, location: 2F 0-1: Foul Ball, location: 2F 0-2: Strikes out swinging
|
|
Batting: RHB Jim O'Dwyer
|
0-0: SINGLE (Groundball, 6MD, EV 108.1 MPH)
|
|
Batting: LHB Rip Log
|
0-0: Ball Jim O'Dwyer is caught stealing 2nd base 2-6 1-0: Ball 2-0: Called Strike 2-1: Fly out, F1 (Line Drive, P, EV 66.2 MPH)
|
| Top of the 2nd over - 0 runs, 1 hit, 0 errors, 0 left on base; Niagara Falls 0 - Canton 0 |
| BOTTOM OF THE 2ND |
|
Canton Indians batting - Pitching for Niagara Falls Phantoms : LHP Allen Reisinger
|
|
Batting: RHB Russ Kennett
|
0-0: Ball 1-0: Ball 2-0: Ground out 6-3 (Groundball, 6, EV 84.4 MPH)
|
|
Batting: SHB Bob Ledlow
|
0-0: Ball 1-0: Ball 2-0: Foul Ball, location: 2F 2-1: Swinging Strike 2-2: Strikes out looking
|
|
Batting: RHB Cruz Castro
|
0-0: Ball 1-0: Swinging Strike 1-1: Ball 2-1: SINGLE (Line Drive, 56, EV 106.2 MPH)
|
|
Batting: LHB Jason Kessler
|
0-0: Ball 1-0: Called Strike 1-1: Foul Ball, location: 2F 1-2: Strikes out looking
|
| Bottom of the 2nd over - 0 runs, 1 hit, 0 errors, 1 left on base; Niagara Falls 0 - Canton 0 |
| TOP OF THE 3RD |
|
Niagara Falls Phantoms batting - Pitching for Canton Indians : RHP John Bychyk
|
|
Batting: RHB Brian Biordi
|
0-0: Ball 1-0: Ball 2-0: Called Strike 2-1: Fly out, F2 (Popup, 25F, EV 78.8 MPH)
|
|
Batting: RHB Juan Perez
|
0-0: Foul Ball, location: 2F 0-1: Called Strike 0-2: Fly out, F7 (Flyball, 7, EV 75.0 MPH)
|
|
Batting: LHB Luis Ponce
|
0-0: Ball 1-0: Ball 2-0: Ball 3-0: Base on Balls
|
|
Batting: RHB Jose Villanueva
|
0-0: Ball 1-0: Called Strike Luis Ponce steals 2nd base 1-1: Ball 2-1: Ball 3-1: Called Strike 3-2: Foul Ball, location: 2F 3-2: Base on Balls
|
|
Batting: LHB Victor Reyna
|
0-0: Swinging Strike 0-1: Ball 1-1: Ball 2-1: Fly out, F8 (Flyball, 8LD, EV 81.2 MPH)
|
| Top of the 3rd over - 0 runs, 0 hits, 0 errors, 2 left on base; Niagara Falls 0 - Canton 0 |
| BOTTOM OF THE 3RD |
|
Canton Indians batting - Pitching for Niagara Falls Phantoms : LHP Allen Reisinger
|
|
Batting: RHB Ryan Paquette
|
0-0: Called Strike 0-1: Foul Ball, location: 2F 0-2: Foul Ball, location: 2F 0-2: Ball 1-2: Ball 2-2: Strikes out swinging
|
|
Batting: SHB Jose Abreu
|
0-0: Ball 1-0: Ball 2-0: Called Strike 2-1: Fly out, F3 (Popup, 3SF, EV 66.2 MPH)
|
|
Batting: RHB Xavier Bartolani
|
0-0: Hit by Pitch
|
|
Batting: RHB Willie Toral
|
0-0: Called Strike 0-1: Ball 1-1: TRIPLE (Line Drive, 9LM, EV 104.4 MPH) Xavier Bartolani scores
|
|
Batting: RHB Rob Marti
|
0-0: Called Strike 0-1: Ball 1-1: Foul Ball, location: 5F, Error on foul ball, E5 1-2: Ball 2-2: Fly out, F8 (Flyball, 8RM, EV 81.9 MPH)
|
| Bottom of the 3rd over - 1 run, 1 hit, 1 error, 1 left on base; Niagara Falls 0 - Canton 1 |
| TOP OF THE 4TH |
|
Niagara Falls Phantoms batting - Pitching for Canton Indians : RHP John Bychyk
|
|
Batting: RHB Scott Cuff
|
0-0: Ball 1-0: Ball 2-0: Ball 3-0: Called Strike 3-1: Swinging Strike 3-2: Strikes out swinging
|
|
Batting: LHB Dave Ortiz
|
0-0: Ball 1-0: Ball 2-0: Called Strike 2-1: Called Strike 2-2: Foul Ball, location: 2F 2-2: Foul Ball, location: 2F 2-2: Strikes out swinging
|
|
Batting: RHB Jim O'Dwyer
|
0-0: Ball 1-0: Foul Ball, location: 2F 1-1: SINGLE (Flyball, 3D, EV 91.9 MPH)
|
|
Batting: LHB Rip Log
|
0-0: Foul Ball, location: 2F 0-1: Foul Ball, location: 2F 0-2: Ball 1-2: Strikes out looking
|
| Top of the 4th over - 0 runs, 1 hit, 0 errors, 1 left on base; Niagara Falls 0 - Canton 1 |
| BOTTOM OF THE 4TH |
|
Canton Indians batting - Pitching for Niagara Falls Phantoms : LHP Allen Reisinger
|
|
Batting: RHB Russ Kennett
|
0-0: Called Strike 0-1: Foul Ball, location: 2F 0-2: Ball 1-2: Strikes out swinging
|
|
Batting: SHB Bob Ledlow
|
0-0: Foul Ball, location: 2F 0-1: Ball 1-1: Ball 2-1: Fly out, F9 (Line Drive, 9, EV 90.6 MPH)
|
|
Batting: RHB Cruz Castro
|
0-0: Ball 1-0: SINGLE (Groundball, 34D, EV 95.6 MPH)
|
|
Batting: LHB Jason Kessler
|
0-0: Foul Ball, location: 2F 0-1: Ball 1-1: SINGLE (Groundball, 34, EV 97.5 MPH) Cruz Castro to second Runner from 2nd tries for 3rd, OUT! 9-5
|
| Bottom of the 4th over - 0 runs, 2 hits, 0 errors, 1 left on base; Niagara Falls 0 - Canton 1 |
| TOP OF THE 5TH |
|
Niagara Falls Phantoms batting - Pitching for Canton Indians : RHP John Bychyk
|
|
Batting: RHB Brian Biordi
|
0-0: Ball 1-0: Swinging Strike 1-1: Ball 2-1: Ball 3-1: Base on Balls
|
|
Batting: RHB Juan Perez
|
|
|
Pinch Hitting: RHB Ben Underwood
|
0-0: Ball 1-0: Ball 2-0: Called Strike 2-1: Fly out, F4 (Popup, 34D, EV 67.5 MPH)
|
|
Batting: LHB Luis Ponce
|
0-0: Fly out, F6 (Popup, 6, EV 60.0 MPH)
|
|
Batting: RHB Jose Villanueva
|
0-0: Ball 1-0: Called Strike 1-1: Ball 2-1: Ball 3-1: Ground out 4-3 (Groundball, 4, EV 85.6 MPH)
|
| Top of the 5th over - 0 runs, 0 hits, 0 errors, 1 left on base; Niagara Falls 0 - Canton 1 |
| BOTTOM OF THE 5TH |
|
Canton Indians batting - Pitching for Niagara Falls Phantoms : LHP Allen Reisinger
|
|
Now at 2B: Hui Li
|
|
|
Batting: RHB Ryan Paquette
|
0-0: Ball 1-0: Called Strike 1-1: Ball 2-1: Ground out 6-3 (Groundball, 6, EV 77.5 MPH)
|
|
Batting: SHB Jose Abreu
|
0-0: Ground out U3 (Groundball, 34, EV 87.5 MPH)
|
|
Batting: RHB Xavier Bartolani
|
0-0: Called Strike 0-1: Called Strike 0-2: Ball 1-2: Ball 2-2: Foul Ball, location: 2F 2-2: Foul Ball, location: 2F 2-2: Ball 3-2: Foul Ball, location: 2F 3-2: SOLO HOME RUN (Flyball, 89XD, EV 110.6 MPH), Distance : 432 ft
|
|
Batting: RHB Willie Toral
|
0-0: Ground out 5-3 (Groundball, 56S, EV 73.1 MPH)
|
| Bottom of the 5th over - 1 run, 1 hit, 0 errors, 0 left on base; Niagara Falls 0 - Canton 2 |
| TOP OF THE 6TH |
|
Niagara Falls Phantoms batting - Pitching for Canton Indians : RHP John Bychyk
|
|
Batting: LHB Victor Reyna
|
0-0: Called Strike 0-1: SINGLE (Groundball, 56D, EV 103.1 MPH) (infield hit)
|
|
Batting: RHB Scott Cuff
|
0-0: Called Strike 0-1: Swinging Strike 0-2: Ball 1-2: Strikes out looking
|
|
Batting: LHB Dave Ortiz
|
0-0: Foul Ball, location: 2F 0-1: Ball 1-1: Ball 2-1: Called Strike 2-2: SINGLE (Groundball, 4MD, EV 105.6 MPH) Victor Reyna to second
|
|
Batting: RHB Jim O'Dwyer
|
0-0: Fly out, F7 (Flyball, 7LMF, EV 90.0 MPH)
|
|
Pinch Hitting: RHB Jonathan Feldstein
|
0-0: Ball 1-0: Called Strike 1-1: Ball 2-1: Ball 3-1: Fly out, F7 (Flyball, 7, EV 86.2 MPH)
|
| Top of the 6th over - 0 runs, 2 hits, 0 errors, 2 left on base; Niagara Falls 0 - Canton 2 |
| BOTTOM OF THE 6TH |
|
Canton Indians batting - Pitching for Niagara Falls Phantoms : LHP Allen Reisinger
|
|
Now in RF: Jonathan Feldstein
|
|
|
Batting: RHB Rob Marti
|
0-0: SINGLE (Groundball, P, EV 92.5 MPH) (infield hit)
|
|
Batting: RHB Russ Kennett
|
0-0: Foul Ball, location: 2F 0-1: Swinging Strike 0-2: Strikes out swinging
|
|
Batting: SHB Bob Ledlow
|
0-0: Foul Ball, location: 2F 0-1: Grounds into double play, 4-6-3 (Groundball, 4M, EV 76.9 MPH)
|
| Bottom of the 6th over - 0 runs, 1 hit, 0 errors, 0 left on base; Niagara Falls 0 - Canton 2 |
| TOP OF THE 7TH |
|
Niagara Falls Phantoms batting - Pitching for Canton Indians : RHP John Bychyk
|
|
Pinch Hitting: RHB Alfredo Mendez
|
0-0: Foul Ball, location: 2F 0-1: Foul Ball, location: 2F 0-2: Ball 1-2: Ball 2-2: Ball 3-2: Strikes out swinging
|
|
Pitching: RHP Abdul-Wadud Mazin
|
|
|
Batting: SHB Hui Li
|
0-0: Ball 1-0: Called Strike 1-1: Ball 2-1: Swinging Strike 2-2: Strikes out swinging
|
|
Batting: LHB Luis Ponce
|
0-0: Ball 1-0: Swinging Strike 1-1: Ball 2-1: Called Strike 2-2: DOUBLE (Line Drive, 9LM, EV 111.2 MPH)
|
|
Batting: RHB Jose Villanueva
|
0-0: Ball 1-0: Ball 2-0: Ball 3-0: Base on Balls
|
|
Batting: LHB Victor Reyna
|
0-0: Swinging Strike 0-1: Swinging Strike 0-2: Ball 1-2: Foul Ball, location: 2F 1-2: Ball 2-2: Ball 3-2: Strikes out swinging
|
| Top of the 7th over - 0 runs, 1 hit, 0 errors, 2 left on base; Niagara Falls 0 - Canton 2 |
| BOTTOM OF THE 7TH |
|
Canton Indians batting - Pitching for Niagara Falls Phantoms : LHP Allen Reisinger
|
|
Now at SS: Bruce Shelton
|
|
|
Batting: RHB Cruz Castro
|
0-0: Called Strike 0-1: Ball 1-1: Ground out 4-3 (Groundball, 4, EV 88.1 MPH)
|
|
Batting: LHB Jason Kessler
|
0-0: Ball 1-0: Foul Ball, location: 2F 1-1: Ball 2-1: Ball 3-1: Called Strike 3-2: Base on Balls
|
|
Batting: RHB Ryan Paquette
|
0-0: Called Strike 0-1: Ball 1-1: Foul Ball, location: 2F 1-2: Foul Ball, location: 2F 1-2: Strikes out swinging
|
|
Batting: SHB Jose Abreu
|
0-0: Called Strike 0-1: Foul Ball, location: 2F 0-2: Ball 1-2: Strikes out looking
|
| Bottom of the 7th over - 0 runs, 0 hits, 0 errors, 1 left on base; Niagara Falls 0 - Canton 2 |
| TOP OF THE 8TH |
|
Niagara Falls Phantoms batting - Pitching for Canton Indians : RHP Abdul-Wadud Mazin
|
|
Batting: RHB Scott Cuff
|
0-0: Ball 1-0: Called Strike 1-1: Ball 2-1: Swinging Strike 2-2: SINGLE (Line Drive, 78S, EV 105.0 MPH)
|
|
Batting: LHB Dave Ortiz
|
0-0: Foul Ball, location: 2F 0-1: Called Strike 0-2: Strikes out swinging
|
|
Batting: RHB Jim O'Dwyer
|
0-0: Foul Ball, location: 2F 0-1: Called Strike 0-2: Ball 1-2: Foul Ball, location: 2F 1-2: Strikes out swinging
|
|
Pitching: RHP Roberto Lamadrid
|
|
|
Pinch Hitting: RHB Todd Wolters
|
0-0: Ball 1-0: Swinging Strike 1-1: SINGLE (Flyball, 78M, EV 90.6 MPH) Scott Cuff to second
|
|
Batting: SHB Bruce Shelton
|
0-0: Called Strike 0-1: Swinging Strike 0-2: Ball 1-2: Strikes out swinging
|
| Top of the 8th over - 0 runs, 2 hits, 0 errors, 2 left on base; Niagara Falls 0 - Canton 2 |
| BOTTOM OF THE 8TH |
|
Canton Indians batting - Pitching for Niagara Falls Phantoms : LHP Allen Reisinger
|
|
Now in LF: Bailey Hays
|
|
|
Now in RF: Luis Ponce
|
|
|
Batting: RHB Xavier Bartolani
|
0-0: Fly out, F9 (Flyball, 9D, EV 101.2 MPH)
|
|
Batting: RHB Willie Toral
|
0-0: Ball 1-0: Reached on error, E6 (Groundball, 6M, EV 78.1 MPH)
|
|
Batting: RHB Rob Marti
|
0-0: Intentional Walk
|
|
Batting: RHB Russ Kennett
|
0-0: Fly out, F9 (Flyball, 89D, EV 103.1 MPH) Runner from 2nd tags up, SAFE at 3rd, no throw by RF
|
|
Batting: SHB Bob Ledlow
|
0-0: Ball 1-0: Called Strike 1-1: Fly out, F8 (Flyball, 8RXD, EV 81.9 MPH)
|
| Bottom of the 8th over - 0 runs, 0 hits, 1 error, 2 left on base; Niagara Falls 0 - Canton 2 |
| TOP OF THE 9TH |
|
Niagara Falls Phantoms batting - Pitching for Canton Indians : RHP Roberto Lamadrid
|
|
Pitching: LHP Sam Johnson
|
|
|
Pinch Hitting: RHB Greg Oxford
|
0-0: Ball 1-0: Ground out 3-1 (Groundball, 34S, EV 88.8 MPH)
|
|
Batting: LHB Luis Ponce
|
0-0: Ball 1-0: SINGLE (Groundball, 4D, EV 110.0 MPH)
|
|
Batting: RHB Jose Villanueva
|
0-0: Ball 1-0: Called Strike 1-1: Foul Ball, location: 2F 1-2: Strikes out swinging
|
|
Batting: LHB Victor Reyna
|
0-0: Called Strike 0-1: Foul Ball, location: 2F 0-2: Foul Ball, location: 2F 0-2: Strikes out looking
|
| Top of the 9th over - 0 runs, 1 hit, 0 errors, 1 left on base; Niagara Falls 0 - Canton 2 |
|